 Dungeon Crawl Stone Soup version 0.30.1-11-g7821555f0a (webtiles) character file.

Game seed: 13544582868358298986

1243 lonewolfV2 the Covered (level 8, -3/64 (66) HPs)
             Began as a Minotaur Fighter on Oct 31, 2023.
             Was an Initiate of Qazlal.
             Slain by a wight
             ... wielding a +0 dire flail
              (8 damage)
             ... on level 6 of the Dungeon.
             The game lasted 00:11:01 (5951 turns).

lonewolfV2 the Covered (Minotaur Fighter)           Turns: 5951, Time: 00:11:02

HP:   -3/64 (66)    AC: 15    Str: 20    XL:     8   Next: 25%
MP:   9/10          EV:  8    Int:  5    God:    Qazlal [......]
Gold: 262           SH:  5    Dex: 13    Spells: 7/7 levels left

rFire   . . .        a - +1 war axe
rCold   . . .        c - +0 buckler
rNeg    . . .        f - +1 plate armour
rPois   +            (helmet restricted)
rElec   .            (no cloak)
rCorr   .            y - +0 pair of gloves
SInv    .            (no boots)
Will    .....        r - amulet of the acrobat Stlth
                     l - ring of poison resistance
HPRegen 0.30/turn    k - ring of flight
MPRegen 0.12/turn

%: acrobat
@: mighty, flying, lightly drained
A: horns 2, retaliatory headbutt
a: Renounce Religion


You were on level 6 of the Dungeon.
You worshipped Qazlal.
Qazlal was noncommittal.
You visited 2 branches of the dungeon, and saw 7 of its levels.

You collected 262 gold pieces.

Inventory:

Hand Weapons
 a - a +1 war axe (weapon)
Missiles
 v - a throwing net (quivered)
Armour
 c - a +0 buckler (worn)
 f - a +1 plate armour (worn)
 y - a +0 pair of gloves (worn)
Jewellery
 k - a ring of flight (right hand)
 l - a ring of poison resistance (left hand)
 r - an amulet of the acrobat (around neck)
 u - an amulet of magic regeneration
Scrolls
 g - a scroll of enchant weapon
 i - a scroll of enchant armour
 m - 2 scrolls of magic mapping
 n - 2 scrolls of teleportation
 p - 2 scrolls of fog
 s - a scroll of identify
 w - a scroll of poison
Potions
 b - a potion of flight
 h - 2 potions of attraction
 j - 2 potions of curing
 o - a potion of degeneration
 q - 2 potions of brilliance
 t - a potion of haste


   Skills:
 - Level 3.9 Fighting
 - Level 2.8 Axes
 + Level 7.4 Armour
 + Level 7.2 Dodging
 - Level 3.9 Shields
 * Level 4.3 Invocations


You had 7 spell levels left.
You didn't know any spells.
Your spell library contained the following spells:

 Spells                   Type           Power      Damage    Failure   Level
 Shock                    Conj/Air       0%         1d3       100%        1
 Summon Small Mammal      Summ           0%         N/A       100%        1
 Call Canine Familiar     Summ           0%         N/A       100%        3
 Dazzling Flash           Conj/Hex       0%         N/A       100%        3
 Gell's Gravitas          Tloc           0%         N/A       100%        3
 Ozocubu's Armour         Ice            0%         N/A       100%        3
 Summon Guardian Golem    Hex/Summ       0%         N/A       100%        3
 Swiftness                Air            0%         N/A       100%        3
 Teleport Other           Tloc           0%         N/A       100%        3
 Volatile Blastmotes      Fire/Tloc      0%         2d10      100%        3
 Airstrike                Air            0%         2d(0-16)  100%        4
 Iskenderun's Mystic Bla  Conj/Tloc      0%         2d3       100%        4
 Metabolic Englaciation   Hex/Ice        0%         N/A       100%        5
 Dispersal                Tloc           0%         N/A       100%        6
 Simulacrum               Ice/Necr       0%         N/A       100%        6
 Starburst                Conj/Fire      0%         6d3       100%        6


Dungeon Overview and Level Annotations

Branches:
Dungeon (6/15)             Temple (1/1) D:5

Altars:
Dithmenos
Elyvilon
Fedhas
Gozag
Hepliaklqana
Kikubaaqudgha
Makhleb
Nemelex Xobeh
Okawaru
Qazlal
Ru
Sif Muna
Trog
Vehumet
Wu Jian
Xom
Yredelemnul
Zin
The Shining One

Annotations:
D:5 exclusion: oklob plant


Innate Abilities, Weirdness & Mutations

You have a pair of horns on your head.
You reflexively headbutt those who attack you in melee.


Message History

Qazlal accepts your kill.
You barely miss the wight. You hit the hound. You slash the wight!
You block the hound's attack. The hound completely misses you.
The wight hits you with a +1 morningstar.
You feel drained. The wight hits you but does no damage.
The wight hits you with a +0 dire flail.
You feel drained.
Your Invocations skill increases to level 4!
You slash the wight!
The wight is severely damaged.
You closely miss the hound. You hit the wight.
You hit the wight but do no damage. The hound bites you but does no damage.
The wight hits you with a +1 morningstar!
* * * LOW HITPOINT WARNING * * *
The wight hits you but does no damage. x2
The hound bites you but does no damage.
You barely miss the wight. Your headbutt misses the wight.
The wight is heavily damaged.
You hit the wight. You slash the hound!
You kill the hound!
Qazlal accepts your kill.
You barely miss the wight. The wight completely misses you.
You furiously retaliate!
You headbutt the wight!!
You destroy the wight!
Qazlal accepts your kill. The wight hits you but does no damage.
The wight closely misses you.
The wight hits you with a +0 dire flail.
* * * LOW HITPOINT WARNING * * *
The wight barely misses you.
Your life force feels restored.
You feel better. You block the wight's attack.
The wight hits you with a +0 dire flail.
* * * LOW HITPOINT WARNING * * *
You feel better.
The wight hits you with a +0 short sword!
* * * LOW HITPOINT WARNING * * *
You feel drained.
* * * LOW HITPOINT WARNING * * *
The wight hits you with a +0 dire flail!
You die...

.# .. ..##
######( #....
#.....# .....
#.....# .
......#.....#..
....#........
#.))z......
#.@z......
#..†......
...........
.............
...............
...............
...............
...............


You could see 2 wights.

Vanquished Creatures
  Grinder (D:6)
  2 ogres
  A phantom (D:5)
  A scorpion (D:6)
  2 wights (D:6)
  4 hounds
  3 orc priests
  A gnoll bouda (D:5)
  An iguana (D:5)
  2 sleepcaps
  2 orc wizards
  Natasha (twice) (D:3)
  7 adders
  7 gnolls (D:5)
  A shadow imp (D:5)
  A white imp (D:5)
  An ufetubus (D:5)
  3 worms
  A dart slug (D:2)
  10 orcs
  5 bats
  6 endoplasms
  A giant cockroach (D:2)
  5 hobgoblins
  2 jackals (D:1)
  4 kobolds
  8 quokkas
  6 ball pythons
  5 frilled lizards
  8 goblins
  5 rats
108 creatures vanquished.

Notes
Turn   | Place    | Note
-------+----------+-------------------------------------------
     0 | D:1      | lonewolfV2 the Minotaur Fighter began the quest for the
                  | Orb.
     0 | D:1      | Reached XP level 1. HP: 19/19 MP: 0/0
   382 | D:1      | Reached XP level 2. HP: 27/27 MP: 1/1
  1356 | D:2      | Reached skill level 1 in Dodging
  1390 | D:2      | Found a faded altar of an unknown god.
  1596 | D:2      | Noticed an ogre
  1602 | D:2      | Killed an ogre
  1603 | D:2      | Reached XP level 3. HP: 9/33 MP: 2/2
  1603 | D:2      | Reached XP level 4. HP: 11/40 MP: 3/3
  2183 | D:2      | Found a basalt altar of Yredelemnul.
  2493 | D:3      | Reached XP level 5. HP: 35/46 MP: 4/4
  2495 | D:3      | Reached skill level 5 in Armour
  2900 | D:3      | Noticed Natasha
  2910 | D:3      | Killed Natasha
  3278 | D:3      | Reached XP level 6. HP: 49/52 MP: 5/5
  3347 | D:3      | Noticed Natasha
  3353 | D:3      | Killed Natasha
  3374 | D:3      | Reached skill level 5 in Dodging
  4351 | D:4      | Reached XP level 7. HP: 57/58 MP: 6/6
  4514 | D:5      | Entered Level 5 of the Dungeon
  4514 | D:5      | Found a staircase to the Ecumenical Temple.
  4548 | Temple   | Entered the Ecumenical Temple
  4774 | Temple   | Became a worshipper of Qazlal Stormbringer
  4877 | D:5      | Reached skill level 1 in Invocations
  5416 | D:5      | Found a blossoming altar of Fedhas.
  5863 | D:5      | Noticed an oklob plant
  5939 | D:6      | Noticed Grinder
  5946 | D:6      | Killed Grinder
  5947 | D:6      | Reached XP level 8. HP: 31/66 MP: 9/9
  5951 | D:6      | Slain by a wight

Illustrated notes

Levels and vault maps discovered:
D:1:      dpeg_arrival_leaves_temple_mockup, layout_basic, serial_bayou,
          serial_bayou_pond_e, serial_bayou_lagoon_a, serial_bayou_shore_a,
          serial_bayou_pond_a
D:2:      layout_loops_ring, serial_forest, infiniplex_forest_lined_2,
          infiniplex_forest_clump_curved, infiniplex_forest_straight_1,
          infiniplex_forest_lined_room_3, infiniplex_forest_end_2,
          infiniplex_forest_lined_4_way, hellmonk_ecumenical_altar_blasted,
          basic_altar, hex_tiny
D:3:      layout_loops_corners, hellmonk_no_cap, uniq_natasha
D:4:      layout_basic
D:5:      layout_loops_cross, tgw_fedhas, minmay_temple_entry_stoned_glass,
          cheibrodos_sewer_entry_bend
D:6:      layout_cave_pools, slow_altar_2, nicolae_uskayaw_suspiria,
          chequers_ossuary_entry_cave, uniq_eustachio, uniq_grinder
Temple:   eino_narrow_crystal_temple

Skill      XL: |  1  2  3  4  5  6  7  8 |
---------------+-------------------------+-----
Armour         | 4 5 6 7 |  7.4
Dodging        | 3 4 6 7 |  7.2
Invocations    | 3 4 |  4.3
Fighting       | |  3.9
Axes           | |  2.8
Shields        | |  3.9

Action                     |  1- 3 |  4- 6 |  7- 9 || total
---------------------------+-------+-------+-------++-------
  Melee: War axe           |    50 |   206 |    82 ||   338
         Headbutt          |     7 |    52 |    14 ||    73
    Use: Scroll            |     4 |    13 |     2 ||    19
         Potion            |       |     1 |     4 ||     5
 Armour: Plate armour      |    35 |    85 |    60 ||   180
  Dodge: Dodged            |    26 |    45 |    55 ||   126
  Block: Buckler           |    13 |    35 |    26 ||    74
